 Dungeon Crawl Stone Soup version 0.18.1-6-gd335043 (webtiles) character file.

67 Chris7 the Cudgeler (level 4, -1/41 HPs)
             Began as an Ogre Summoner on May 15, 2016.
             Killed from afar by Sigmund (10 damage)
             ... with a puff of flame
             ... on level 2 of the Dungeon.
             The game lasted 00:02:43 (2116 turns).

Chris7 the Cudgeler (Ogre Summoner)                 Turns: 2116, Time: 00:02:43

Health: -1/41      AC:  3    Str: 14    XL:     4   Next: 18%
Magic:  2/7        EV: 10    Int: 14    God:
Gold:   73         SH:  0    Dex: 10    Spells: 3 memorised, 1 level left

rFire  . . .     SeeInvis .     e - +2 spear (venom)
rCold  . . .     Gourm    .     a - +0 robe
rNeg   . . .     Faith    .     (no shield)
rPois  .         Spirit   .     (helmet restricted)
rElec  .         Dismiss  .     (no cloak)
rCorr  .         Reflect  .     (gloves unavailable)
SustAt .         Harm     .     (boots unavailable)
MR     .....                    (no amulet)
Stlth  +.........               (no ring)
                                (no ring)

@: not resistant to hostile enchantments, very unstealthy
A: unfitting armour, tough skin 1
a: no special abilities


You were on level 2 of the Dungeon.
You were not hungry.

You visited 1 branch of the dungeon, and saw 2 of its levels.

You collected 73 gold pieces.

Inventory:

Hand Weapons
 e - a +2 spear of venom (weapon)
 h - a +0 mace
Missiles
 i - 13 tomahawks (quivered)
Armour
 a - a +0 robe (worn)
Jewellery
 f - an uncursed ring of magical power {unknown}
Scrolls
 d - 2 scrolls of identify {unknown}
 l - a scroll of random uselessness {unknown}
 n - a scroll of recharging {unknown}
Potions
 g - a potion of degeneration {unknown}
 j - a potion of beneficial mutation {unknown}
 k - a potion of curing {unknown}
 o - a potion of agility {unknown}
Books
 b - a book of Callings

   Spells                             Type                      Level
   a - Summon Small Mammal            Summoning                    1
   b - Call Imp                       Summoning                    2
   c - Call Canine Familiar           Summoning                    3
   d - Summon Guardian Golem          Hexes/Summoning              3
   e - Summon Lightning Spire         Summoning/Air                4
   f - Summon Ice Beast               Ice/Summoning                4
Comestibles
 c - 2 bread rations
 m - 3 meat rations
 p - a chunk of flesh


   Skills:
 - Level 1.1 Fighting
 + Level 4.6 Maces & Flails
 - Level 1.7 Dodging
 - Level 1.5 Stealth
 - Level 2.4 Spellcasting
 - Level 2.9 Summonings


You had one spell level left.
You knew the following spells:

 Your Spells              Type           Power        Failure   Level  Hunger
a - Summon Small Mammal   Summ           ##..         10%         1    #......
b - Call Imp              Summ           ##......     12%         2    ###....
c - Call Canine Familiar  Summ           ##......     21%         3    ###....


Dungeon Overview and Level Annotations

Branches:
Dungeon (2/15)

Altars:
Ashenzari
Cheibriados

Annotations:
D:2 Sigmund


Innate Abilities, Weirdness & Mutations

You are too large for most types of armour.
You have tough skin (AC +1).


Message History

Casting: Call Imp
Confirm with . or Enter, or press ? or * to list all spells.
You don't have enough magic to cast that spell.
Your crimson imp hits Sigmund.
Your crimson imp barely misses Sigmund.
Your crimson imp blinks!
You see here a spear.
Some of the chunks of flesh in your inventory have rotted away.
Attack whom?
Press: ? - help, Dir - move target cursor, f - Sigmund
Aim: Sigmund, wielding an antimagic scythe and wearing a robe (moderately wounded)
You reach to attack!
You barely miss Sigmund.
Sigmund is moderately wounded.
Sigmund hits you from afar with an antimagic scythe.
* * * LOW HITPOINT WARNING * * *
Sigmund flickers, as though insubstantial.
Your crimson imp blinks!
Sigmund gestures at you while chanting. The puff of flame hits you!
You die...

.....# #.## ..#.## ###..##.#
...... .. #.. ##.##.# .........
##.# #.##.# ......... #.. #.##.#
>....... #.# #....# .........
#.############..# .....#
#.####.##........###.# .....
#................# #.#
...######.......@........# #.##
.....#....####.###.....÷####[.###
#.......###....# ######.##.......
........###@#### #.#........
##...§.)....# #..........
#########..## #...##.#### <# #..#
#.#.##.# r@.S... #....# #.#.##.#
#...... #.##.# #.#.##.#


You could see Sigmund.

Vanquished Creatures
  A gnoll (D:1)
  2 adders (D:2)
  2 worms (D:2)
  A dart slug (D:2)
  A bat (D:1)
  2 giant cockroaches
  A goblin (D:1)
  2 hobgoblins (D:1)
  3 jackals (D:2)
  A quokka (D:2)
  A ball python (D:2)
  A giant newt (D:1)
  6 kobolds
  5 rats (D:1)
29 creatures vanquished.

Vanquished Creatures (collateral kills)
  An adder (D:2)
  A quokka (D:2)
  A ball python (D:1)
3 creatures vanquished.

Grand Total: 32 creatures vanquished

Notes
Turn   | Place    | Note
--------------------------------------------------------------
     0 | D:1      | Chris7 the Ogre Summoner began the quest for the Orb.
     0 | D:1      | Reached XP level 1. HP: 16/16 MP: 3/3
   113 | D:1      | Reached skill level 1 in Fighting
   133 | D:1      | Found a shattered altar of Ashenzari.
   366 | D:1      | Reached skill level 1 in Maces & Flails
   386 | D:1      | Reached XP level 2. HP: 22/27 MP: 5/5
   498 | D:1      | Reached skill level 2 in Maces & Flails
   993 | D:1      | Reached skill level 3 in Maces & Flails
  1254 | D:2      | Reached XP level 3. HP: 22/33 MP: 6/6
  1491 | D:2      | Learned a level 2 spell: Call Imp
  1495 | D:2      | Learned a level 3 spell: Call Canine Familiar
  1498 | D:2      | Found a snail-covered altar of Cheibriados.
  1871 | D:2      | Reached skill level 4 in Maces & Flails
  1903 | D:2      | Reached XP level 4. HP: 30/41 MP: 0/7
  2088 | D:2      | Noticed Sigmund
  2116 | D:2      | Killed from afar by Sigmund

Skill      XL: |  1  2  3 |
---------------+----------+-----
Fighting       | 1 |  1.1
Maces & Flails | 1 3 4 |  4.6
Dodging        | |  1.7
Stealth        | |  1.5
Spellcasting   | |  2.4
Summonings     | |  2.9

Action                   |  1- 3 |  4- 6 || total
-------------------------+-------+-------++-------
Melee: Spear             |    76 |    15 ||    91
       Unarmed           |     1 |       ||     1
 Cast: Summon Small Mamm |     4 |       ||     4
       Call Canine Famil |     2 |     1 ||     3
       Call Imp          |       |     1 ||     1
 Stab: Sleeping          |     2 |       ||     2
       Distracted        |       |     1 ||     1
  Eat: Chunk             |     3 |     1 ||     4
Armor: Robe              |    16 |     3 ||    19
Dodge: Dodged            |    29 |     9 ||    38
